 Dungeon Crawl Stone Soup version 0.27-a0-1149-g4505690ab0 (webtiles) character file.

Game seed: 8914880417298431283

109 Strat the Covered (level 5, -1/41 HPs)
             Began as a Djinni Wanderer on May 14, 2021.
             Slain by a centaur zombie (2 damage)
             ... on level 3 of the Dungeon.
             The game lasted 00:08:17 (4449 turns).

Strat the Covered (Djinni Wanderer)                 Turns: 4449, Time: 00:08:18

Health: -1/41      AC:  0    Str: 12    XL:     5   Next: 13%
Gold:   129        EV: 12    Int: 14    God:
                   SH:  0    Dex: 12

rFire    + + .     SeeInvis .   a - +0 dagger
rCold    x . .     Faith    .   (no shield)
rNeg     . . .     Spirit   .   (no armour)
rPois    ∞         Reflect  .   (no helmet)
rElec    .         Harm     .   (no cloak)
rCorr    .         Rampage  .   (no gloves)
Will     .....                  (boots unavailable)
Stlth    +.........             (no amulet)
HPRegen  0.13/turn              (no ring)
MPRegen  0.00/turn              (no ring)

@: flying
A: sickness immunity, fire resistance 2, cold vulnerability 1, float, innate
caster, hp casting, extra vitality 1
a: no special abilities


You were on level 3 of the Dungeon.
You visited 1 branch of the dungeon, and saw 3 of its levels.

You collected 129 gold pieces.

Inventory:

Hand Weapons
 a - a +0 dagger (weapon)
Missiles
 f - 4 boomerangs (quivered)
 g - 4 curare-tipped darts
 h - 3 javelins
 n - 117 stones
Armour
 c - a +2 scale mail
Jewellery
 k - a ring of fire
Scrolls
 l - a scroll of holy word {unknown}
 m - a scroll of teleportation {unknown}
 o - a scroll of identify {unknown}
 p - a scroll of blinking {unknown}
 q - a scroll of amnesia {unknown}
Potions
 b - 2 potions of curing
 d - a potion of might
 e - 2 potions of flight {unknown}
 i - 2 potions of heal wounds
 j - a potion of degeneration {unknown}


   Skills:
 - Level 4.0 Fighting
 - Level 6.0 Armour
 + Level 2.8 Dodging
 - Level 2.0 Shields


You had one spell level left.
You knew the following spells:

 Your Spells              Type           Power      Damage    Failure   Level
a - Magic Dart            Conj           0%         1d3       28%         1
b - Passwall              Tmut/Erth      0%         N/A       41%         2
Your spell library was empty.

Dungeon Overview and Level Annotations

Branches:
Dungeon (3/15)

Altars:


Innate Abilities, Weirdness & Mutations

You are immune to sickness and miasma.
You are immune to poison.
Your flesh is very heat resistant. (rF++)
You are vulnerable to cold. (rC-)
You float through the air rather than walking.
You learn spells naturally, not from books.
Your magical power is your life essence.
You have superior vitality. (+4 HP)


Message History

You hit the centaur zombie but do no damage.
The centaur zombie hits you. The centaur zombie misses you.
The centaur zombie hits you. The centaur zombie kicks you.
You hit the centaur zombie.
The centaur zombie is lightly damaged.
The centaur zombie closely misses you. The centaur zombie kicks you.
You hit the centaur zombie.
The centaur zombie is lightly damaged.
The centaur zombie hits you. The centaur zombie closely misses you.
You hit the centaur zombie.
The centaur zombie is lightly damaged.
The centaur zombie misses you. x2; The centaur zombie hits you.
The centaur zombie barely misses you.
You hit the centaur zombie.
The centaur zombie is moderately damaged.
The centaur zombie hits you. The centaur zombie barely misses you.
You hit the centaur zombie.
The centaur zombie is moderately damaged.
The centaur zombie closely misses you. The centaur zombie barely misses you.
You hit the centaur zombie.
The centaur zombie is heavily damaged.
The centaur zombie hits you. The centaur zombie kicks you.
You completely miss the centaur zombie.
The centaur zombie is heavily damaged.
The centaur zombie hits you.
* * * LOW HITPOINT WARNING * * *
The centaur zombie barely misses you. The centaur zombie hits you.
* * * LOW HITPOINT WARNING * * *
The centaur zombie kicks you.
* * * LOW HITPOINT WARNING * * *
The centaur zombie hits you.
* * * LOW HITPOINT WARNING * * *
The centaur zombie kicks you.
* * * LOW HITPOINT WARNING * * *
The centaur zombie hits you.
* * * LOW HITPOINT WARNING * * *
The centaur zombie kicks you.
* * * LOW HITPOINT WARNING * * *
The centaur zombie barely misses you. The centaur zombie kicks you.
You die...

##...## #.#
##'## #.# #.#
#.# #.# #.#
########.####
#.#
.)..........#
#.#
.#####......#
#g# .#
##...#.#####Z#
###
#.........@.#
..#
#..##.#######
..# #..##.#####
..# #.........#
..# ##.######.#
..# #.# #.# #.#
#.# #.# ...
#.######.####...


You could see a centaur zombie and a hobgoblin.

Vanquished Creatures
  A centaur skeleton (D:3)
  2 adders
  An adder skeleton (D:2)
  3 worms
  3 dart slugs
  An orc (D:3)
  5 ball pythons
  4 endoplasms
  2 giant cockroaches (D:1)
  5 goblins
  3 hobgoblins
  2 quokkas
  2 bats
  A frilled lizard (D:3)
  4 kobolds
  5 rats
44 creatures vanquished.

Notes
Turn   | Place    | Note
-------+----------+-------------------------------------------
     0 | D:1      | Strat the Djinni Wanderer began the quest for the Orb.
     0 | D:1      | Reached XP level 1. HP: 18/18 MP: 0/0
   335 | D:1      | Reached XP level 2. HP: 24/24 MP: 0/0
  1561 | D:2      | Reached XP level 3. HP: 30/30 MP: 0/0
  1561 | D:2      | Learned a level 1 spell: Magic Dart
  2417 | D:2      | Reached XP level 4. HP: 37/37 MP: 0/0
  3285 | D:3      | Reached skill level 1 in Dodging
  3653 | D:3      | Reached XP level 5. HP: 38/41 MP: 0/0
  3653 | D:3      | Learned a level 2 spell: Passwall
  4446 | D:3      | HP: 1/41 [centaur zombie (2)]
  4449 | D:3      | Slain by a centaur zombie

Illustrated notes

Levels and vault maps discovered:
D:1:      nagdon_arrival_zigzag_paths, layout_loops_ring,
          ebering_dispersal_statue_hall
D:2:      layout_loops_ring, serial_glass, glass_columns_a, glass_columns_a
D:3:      minmay_recursive_quarters, layout_loops_corners,
          hellmonk_ecumenical_altar_lost_god

Skill      XL: |  1  2  3  4 |
---------------+-------------+-----
Fighting       | 3 4 |  4.0
Dodging        | 2 |  2.8
Armour         | |  6.0
Shields        | |  2.0

Action                   |  1- 3 |  4- 6 || total
-------------------------+-------+-------++-------
Melee: Dagger            |   246 |   161 ||   407
Throw: Boomerang         |     7 |       ||     7
 Cast: Magic Dart        |       |     1 ||     1
Armor: Scale mail        |   102 |    51 ||   153
Dodge: Dodged            |    96 |    71 ||   167

Table legend: (Time is in decaauts)
 A = Elapsed time spent in this place.
 B = Non-inter-level travel time spent in this place.
 C = Inter-level travel time spent in this place.
 D = Time resting spent in this place.
 E = Time spent auto-exploring this place.
 F = Levels seen in this place.
 G = Mean time per level.
                   A        B        C        D        E       F      G
               +--------+--------+--------+--------+--------+-----+--------+
         Total |   4452 |   4341 |    111 |    778 |   2754 |   3 | 1484.0 |
       Dungeon |   4452 |   4341 |    111 |    778 |   2754 |   3 | 1484.0 |
               +--------+--------+--------+--------+--------+-----+--------+

Top non-repeatable levels by time:
     D:1: 1612 daAuts
     D:2: 1497 daAuts
     D:3: 1342 daAuts
